 Dungeon Crawl Stone Soup version 0.13-a0-1536-gedae9ec (webtiles) character file.

174 Kae the Vexing (level 4, 0/21 HPs)
             Began as a Spriggan Enchanter on June 9, 2013.
             Was an Initiate of Nemelex Xobeh.
             Succumbed to an adder's poison
             ... on Level 3 of the Dungeon.
             The game lasted 00:03:25 (2732 turns).

Kae the Vexing (Spriggan Enchanter)                 Turns: 2732, Time: 00:03:25

HP   0/21        AC  3     Str  5      XL: 4   Next: 22%
MP   7/12        EV 18     Int 16      God: Nemelex Xobeh [......]
Gold 91          SH  0     Dex 16      Spells:  2 memorised,  5 levels left

Res.Fire  : . . .   See Invis. : +   a - +1 dagger {=f}
Res.Cold  : . . .   Warding    : .   b - +1 robe
Life Prot.: . . .   Conserve   : .   (shield restricted)
Res.Poison: .       Res.Corr.  : .   (helmet restricted)
Res.Elec. : .       Clarity    : .   (no cloak)
Sust.Abil.: . .     Spirit.Shd : .   (gloves unavailable)
Res.Mut.  : .       Stasis     : .   (boots unavailable)
Res.Rott. : .       Flight     : .   (no amulet)
Saprovore : . . .                    (no ring)
                                     (no ring)

@: mildly poisoned, very slightly contaminated, very quick, slightly resistant
to hostile enchantments, quite stealthy
A: unfitting armour, see invisible, herbivore 3, speed 3, slow metabolism 2
a: Renounce Religion


You were on level 3 of the Dungeon.
You worshipped Nemelex Xobeh.
Nemelex Xobeh was pleased with you.
You were hungry.

You visited 1 branch of the dungeon, and saw 3 of its levels.

You collected 71 gold pieces.

Inventory:

Hand weapons
 a - a +1,+1 dagger (weapon) {=f}
Missiles
 d - 12 darts (quivered)
Armour
 b - a +1 robe (worn)
Comestibles
 k - 2 meat rations
 l - 2 chokos
 z - a bread ration
Scrolls
 f - 2 scrolls of remove curse {unknown}
 g - 3 scrolls of teleportation {unknown}
 i - 2 scrolls of curse weapon {unknown}
 j - 5 scrolls of identify {unknown}
 o - a scroll of noise {unknown}
 u - a scroll of magic mapping {unknown}
 v - a scroll of enchant weapon I {unknown}
 x - a scroll of curse jewellery {unknown}
 C - a scroll of enchant weapon II {unknown}
 D - a scroll of curse armour {unknown}
Jewellery
 s - an uncursed amulet of warding {unknown}
 y - an uncursed ring of flight {unknown}
Potions
 e - a potion of porridge
 h - 4 potions of curing {unknown}
 m - a potion of agility {unknown}
 n - a potion of brilliance {unknown}
 r - a potion of resistance {unknown}
 t - a potion of might {unknown}
 w - a potion of mutation {unknown}
 A - a potion of restore abilities {unknown}
 B - a potion of confusion {unknown}
Books
 c - a book of Maledictions

   Spells                             Type                      Level
   *Corona                            Hexes                        1
   Sure Blade                         Hexes/Charms                 2
   *Ensorcelled Hibernation           Hexes/Ice                    2
   Confuse                            Hexes                        3
   Enslavement                        Hexes                        4
   Invisibility                       Hexes                        6
Miscellaneous
 p - a plain deck of destruction
 q - a plain deck of summonings


   Skills:
 + Level 2.1 Short Blades
 - Level 1.1 Throwing
 - Level 3.0 Dodging
 + Level 4.3 Stealth
 + Level 2.8 Spellcasting
 + Level 4.4 Hexes


You had 5 spell levels left.
You knew the following spells:

 Your Spells              Type           Power        Failure   Level  Hunger
a - Corona                Hex            ###....      3%          1    #......
b - Ensorcelled Hibernat  Hex/Ice        #.....       14%         2    ##.....


Dungeon Overview and Level Annotations

Branches:
Dungeon (3/27)

Altars:
Nemelex Xobeh


Innate Abilities, Weirdness & Mutations

You are tiny and cannot use many weapons and most armour.
You have supernaturally acute eyesight.
You are a herbivore.
You cover ground extremely quickly.
You need consume almost no food.


Message History

Confirm with . or Enter, or press ? or * to list all spells.
Aiming: Ensorcelled Hibernation
Press: ? - help, Shift-Dir - straight line, f - adder
Aim: an adder (severely wounded)
You miscast Ensorcelled Hibernation.
You are very lightly contaminated with residual magic.
You shiver with cold.
The adder bites you.
* * * LOW HITPOINT WARNING * * *
Casting: Ensorcelled Hibernation
Confirm with . or Enter, or press ? or * to list all spells.
Aiming: Ensorcelled Hibernation
Press: ? - help, Shift-Dir - straight line, f/p - adder
Aim: an adder (severely wounded)
You miscast Ensorcelled Hibernation.
The air around you crackles with energy!
* * * LOW HITPOINT WARNING * * *
You feel sick. The adder closely misses you.
You found a dart trap!
You die...
Your body disappears without a glow.

........)....#
.............#
.........####
###......####
#.........#
####'####.# #.
#.######## ..
#.....^..# ###
#....@...##########
#.......r.....)...#
#.......S.....$...#
#.................#
#.#####...........#
#.# #..........$#
#.# #...........#
#. #############


You could see an adder and a rat.

Vanquished Creatures
  An adder (D:2)
  A giant mite (D:3)
  A giant gecko (D:2)
  3 oozes (D:2)
  An orc (D:3)
  8 bats
  4 giant cockroaches (D:2)
  6 hobgoblins
  8 jackals
  7 kobolds
  A quokka (D:2)
  5 giant newts
  10 goblins
  5 rats
61 creatures vanquished.

Vanquished Creatures (others)
  A goblin (D:1)
1 creature vanquished.

Grand Total: 62 creatures vanquished

Notes
Turn   | Place    | Note
--------------------------------------------------------------
     0 | D:1      | Kae, the Spriggan Enchanter, began the quest for the Orb.
     0 | D:1      | Reached XP level 1. HP: 9/9 MP: 4/4
   411 | D:1      | Reached XP level 2. HP: 4/13 MP: 6/6
   615 | D:1      | Learned a level 2 spell: Ensorcelled Hibernation
   795 | D:1      | Reached skill level 4 in Hexes
  1134 | D:2      | Found a sparkling altar of Nemelex Xobeh.
  1148 | D:2      | Reached XP level 3. HP: 11/16 MP: 9/9
  1267 | D:2      | Became a worshipper of Nemelex Xobeh
  1394 | D:2      | Received a gift from Nemelex Xobeh
  2284 | D:2      | Reached XP level 4. HP: 17/21 MP: 12/12
  2729 | D:3      | HP: 1/21 [poisoned by an adder]
  2732 | D:3      | Succumbed to an adder's poison

Action                   |  1- 3 |  4- 6 || total
-------------------------+-------+-------++-------
Melee: Dagger            |   259 |    47 ||   306
 Cast: Ensorcelled Hiber |     6 |     1 ||     7
 Stab: Sleeping          |     7 |     2 ||     9
